 Dungeon Crawl Stone Soup version 0.21.1-1-g345015f (webtiles) character file.

118 Kairos the Cudgeler (level 5, -3/32 HPs)
             Began as a Gargoyle Gladiator on Mar 26, 2018.
             Slain by Grinder (5 damage)
             ... on level 3 of the Dungeon.
             The game lasted 00:03:28 (1863 turns).

Kairos the Cudgeler (Gargoyle Gladiator)            Turns: 1863, Time: 00:03:29

Health: -3/32      AC: 10    Str: 23    XL:     5   Next: 2%
Magic:  5/5        EV: 12    Int: 17    God:
Gold:   100        SH:  0    Dex: 11    Spells: 4/4 levels left

rFire    . . .     SeeInvis .   o - +1 whip (elec)
rCold    . . .     Gourm    .   (no shield)
rNeg     + + .     Faith    .   k - +0 ring mail
rPois    ∞         Spirit   .   c - +0 helmet
rElec    +         Reflect  .   (no cloak)
rCorr    .         Harm     .   (no gloves)
MR       .....                  (no boots)
Stlth    +.........             s - amulet of magic regeneration
HPRegen  0.10/turn              r - ring of positive energy
MPRegen  0.34/turn              t - +3 ring of intelligence

@: mighty, brilliant, flying, hasted, very quick
A: negative energy resistance 1, electricity resistance, unbreathing,
petrification resistance, rot immunity, AC +4
a: no special abilities


You were on level 3 of the Dungeon.
You were not hungry.

You visited 1 branch of the dungeon, and saw 3 of its levels.

You collected 100 gold pieces.

Inventory:

Hand Weapons
 a - a +0 flail
 o - a +1 whip of electrocution (weapon)
Missiles
 w - 2 throwing nets (quivered)
Armour
 b - a +0 leather armour
 c - a +0 helmet (worn)
 k - a +0 ring mail (worn)
 z - a +0 shield
Jewellery
 r - a ring of positive energy (left hand)
 s - an amulet of magic regeneration (around neck)
 t - a +3 ring of intelligence (right hand)
Wands
 y - a wand of acid (7)
Scrolls
 g - 2 scrolls of teleportation {unknown}
 j - 2 scrolls of magic mapping {unknown}
 n - a scroll of enchant armour {unknown}
 p - 4 scrolls of remove curse {unknown}
 q - 3 scrolls of identify {unknown}
 x - a scroll of immolation {unknown}
Potions
 e - a potion of haste
 h - 2 potions of flight
 i - 2 potions of agility {unknown}
 u - 5 potions of curing {unknown}
 v - a potion of magic {unknown}
Comestibles
 f - 8 rations


   Skills:
 + Level 3.0 Fighting
 + Level 4.1 Maces & Flails
 + Level 2.0 Throwing
 + Level 1.9 Armour
 + Level 2.9 Dodging
 + Level 0.3 Stealth


You had 4 spell levels left.
You didn't know any spells.

Dungeon Overview and Level Annotations

Branches:
Dungeon (3/15)

Altars:
Cheibriados
Dithmenos
Kikubaaqudgha

Annotations:
D:3 Grinder


Innate Abilities, Weirdness & Mutations

You are resistant to torment.
Your stone body is resilient. (AC +4)
You are immune to poison.
You resist negative energy. (rN+)
You are resistant to electric shocks. (rElec)
You can survive without breathing.
You are immune to petrification.
You are immune to rotting.


Message History

* * * LOW HITPOINT WARNING * * *
Grinder says, "My boss said I was rubbish.
His entrails said otherwise."
Grinder hits you but does no damage. Grinder gestures at you.
You resist with significant effort. Grinder hits you but does no damage.
You can move again.
It was a potion of flight.
You feel very buoyant.
You fly up into the air.
Grinder blinks!
It was a potion of brilliance.
You feel clever all of a sudden. The goblin barely misses you.
It was a potion of haste.
You feel yourself speed up. Grinder hits you.
* * * LOW HITPOINT WARNING * * *
The goblin hits you but does no damage.
It was a potion of might.
You feel very mighty all of a sudden. Grinder hits you.
You die...

.........#...#
.........#...#
........†#...#
.............##.
................ #
####.............
#. #...###.......
##.###..##%##......
#..5@gw.....#......
#...###)...##......
#..##.g%...# ....
#.?#$.......... #.
##......#... ##
###....##.. .....$
.. ..##$## #.. ##


You could see Grinder, a dart slug and a goblin.

Vanquished Creatures
  Terence (D:3)
  A gnoll (D:3)
  An adder (D:2)
  2 worms
  2 dart slugs
  An orc (D:3)
  2 ball pythons
  3 bats
  3 giant cockroaches
  8 goblins
  4 hobgoblins
  8 jackals
  4 quokkas
  3 frilled lizards
  11 kobolds
  7 rats
61 creatures vanquished.

Notes
Turn   | Place    | Note
-------+----------+-------------------------------------------
     0 | D:1      | Kairos the Gargoyle Gladiator began the quest for the Orb.
     0 | D:1      | Reached XP level 1. HP: 12/12 MP: 1/1
    77 | D:1      | Reached XP level 2. HP: 14/18 MP: 2/2
   325 | D:1      | Reached XP level 3. HP: 21/22 MP: 3/3
   787 | D:2      | Reached skill level 1 in Armour
   913 | D:2      | Found a snail-covered altar of Cheibriados.
  1191 | D:2      | Found an ancient bone altar of Kikubaaqudgha.
  1353 | D:2      | Reached XP level 4. HP: 22/27 MP: 4/4
  1616 | D:3      | Noticed Terence
  1627 | D:3      | Killed Terence
  1627 | D:3      | Reached skill level 4 in Maces & Flails
  1669 | D:3      | Found a shadowy altar of Dithmenos.
  1697 | D:3      | Found a faded altar of an unknown god.
  1832 | D:3      | Noticed Grinder
  1843 | D:3      | Reached XP level 5. HP: 22/32 MP: 5/5
  1853 | D:3      | Paralysed by Grinder for 6 turns
  1863 | D:3      | Slain by Grinder

Skill      XL: |  1  2  3  4  5 |
---------------+----------------+-----
Armour         | 1 |  1.9
Maces & Flails | 4 |  4.1
Throwing       | 2 |  2.0
Fighting       | 3 |  3.0
Dodging        | |  2.9
Stealth        | |  0.3

Action                   |  1- 3 |  4- 6 || total
-------------------------+-------+-------++-------
Melee: Flail             |    73 |       ||    73
       Whip              |    49 |    58 ||   107
Throw: Throwing net      |       |     3 ||     3
  Use: Potion            |       |     4 ||     4
 Stab: Held in net/web   |       |     1 ||     1
  Eat: Chunk             |       |     3 ||     3
Armor: Leather armour    |    27 |       ||    27
       Ring mail         |    39 |    27 ||    66
Dodge: Dodged            |    98 |    34 ||   132
